 Dungeon Crawl Stone Soup version 0.30.1 (webtiles) character file.

Game seed: 15281403145696383674

1010 lockman776 the Cleaver (level 8, -1/69 HPs)
             Began as a Hill Orc Fighter on July 9, 2023.
             Slain by an ice beast (7 damage)
             ... on level 6 of the Dungeon.
             The game lasted 00:28:34 (5595 turns).

lockman776 the Cleaver (Hill Orc Fighter)           Turns: 5595, Time: 00:28:35

Health: -1/69      AC:  7    Str: 21    XL:     8   Next: 21%
Magic:  8/8        EV: 10    Int:  8    God:
Gold:   326        SH:  4    Dex: 10    Spells: 7/7 levels left

rFire   . . .        a - +0 war axe
rCold   . . .        c - +0 buckler
rNeg    . . .        b - +0 scale mail
rPois   .            (no helmet)
rElec   .            (no cloak)
rCorr   .            (no gloves)
SInv    .            (no boots)
Will    .....        (no amulet) Stlth
                     (no ring)
HPRegen 0.31/turn    (no ring)
MPRegen 0.11/turn

%: no passive effects
@: no status effects
A: no striking features
a: no special abilities


You were on level 6 of the Dungeon.
You visited 1 branch of the dungeon, and saw 6 of its levels.

You collected 326 gold pieces.

Inventory:

Hand Weapons
 a - a +0 war axe (weapon)
Missiles
 q - 8 poisoned darts
Armour
 b - a +0 scale mail (worn)
 c - a +0 buckler (worn)
Jewellery
 g - an amulet of magic regeneration
 r - an amulet of magic regeneration
 y - a ring of flight
Wands
 h - a wand of flame (64) (quivered)
Scrolls
 e - 5 scrolls of identify {unknown}
 k - a scroll of amnesia {unknown}
 l - a scroll of enchant armour {unknown}
 m - a scroll of blinking {unknown}
 n - a scroll of enchant weapon {unknown}
 o - 4 scrolls of noise {unknown}
 p - 2 scrolls of magic mapping {unknown}
 s - 2 scrolls of teleportation {unknown}
 v - a scroll of fear {unknown}
 x - a scroll of immolation {unknown}
 z - a scroll of vulnerability {unknown}
Potions
 d - 3 potions of might
 f - 2 potions of flight {unknown}
 i - 6 potions of curing {unknown}
 j - a potion of ambrosia {unknown}
 t - a potion of heal wounds {unknown}
 u - 2 potions of brilliance {unknown}
 w - a potion of haste


   Skills:
 + Level 5.4 Fighting
 + Level 8.6 Axes
 + Level 6.1 Armour
 + Level 1.9 Dodging
 + Level 0.5 Stealth
 + Level 4.0 Shields


You had 7 spell levels left.
You didn't know any spells.
Your spell library contained the following spells:

 Spells                   Type           Power      Damage    Failure   Level
 Beastly Appendage        Tmut           0%         N/A       80%         1
 Sublimation of Blood     Necr           0%         N/A       90%         2
 Wereblood                Tmut           0%         N/A       90%         2
 Spider Form              Tmut/Pois      0%         N/A       99%         3
 Petrify                  Tmut/Erth      0%         N/A       100%        4
 Irradiate                Conj/Tmut      0%         3d11      100%        5


Dungeon Overview and Level Annotations

Branches:
Dungeon (6/15)
 Temple: D:4-7

Altars:
Ashenzari
Dithmenos
Makhleb
Ru
Sif Muna
Trog
Uskayaw
Vehumet
Wu Jian
Xom
Yredelemnul


Message History

You barely miss the orc priest.
The orc priest invokes the aid of Beogh against you.
Beogh smites you!
* * * LOW HITPOINT WARNING * * *
You slice the orc priest!!
You kill the orc priest!
You block the ufetubus's attack. x2
Your Shields skill increases to level 4!
You hit the ufetubus.
The ufetubus is severely wounded.
The ufetubus barely misses you.
The ufetubus hits you but does no damage.
You barely miss the ufetubus.
The ufetubus is severely wounded.
The ufetubus hits you.
* * * LOW HITPOINT WARNING * * *
The ufetubus hits you but does no damage.
The ufetubus hits you.
* * * LOW HITPOINT WARNING * * *
The ufetubus barely misses you.
You barely miss the ufetubus.
The ufetubus is severely wounded.
The ufetubus barely misses you. x2
The ufetubus hits you but does no damage.
The ufetubus closely misses you.
You barely miss the ufetubus.
The ufetubus is severely wounded.
You block the ufetubus's attack.
The ufetubus hits you but does no damage.
You slash the ufetubus!
You kill the ufetubus!
You closely miss the ice beast.
The ice beast hits you but does no damage.
You completely miss the ice beast. You block the ice beast's attack.
The ice beast attacks as you move away!
The ice beast hits you but does no damage.
You barely miss the ice beast. The ice beast hits you.
* * * LOW HITPOINT WARNING * * *
The ice beast freezes you!
You die...

########.......<.....##
..............#.....##
..............#######
............###
......?.....#
............#
............#
............##########
.............=)Y@....#
..........#.########.#
............#
....###...... ..
.......$. ###.......
#####.## ..


You could see an ice beast.

Vanquished Creatures
  A water moccasin (D:5)
  2 centaurs
  A bullfrog (D:6)
  A scorpion (D:4)
  A howler monkey (D:4)
  4 hounds (D:5)
  3 jellies
  An orc priest (D:6)
  Natasha (thrice) (D:2)
  An iguana (D:5)
  An orc wizard (D:6)
  A sleepcap (D:4)
  4 gnolls (D:5)
  7 adders
  A white imp (D:5)
  An ufetubus (D:6)
  A worm (D:3)
  A dart slug (D:1)
  9 orcs
  9 endoplasms
  4 giant cockroaches
  6 hobgoblins
  4 jackals (D:2)
  11 kobolds
  4 quokkas
  5 ball pythons
  2 bats
  A frilled lizard (D:3)
  4 goblins
  7 rats
101 creatures vanquished.

Notes
Turn   | Place    | Note
-------+----------+-------------------------------------------
     0 | D:1      | lockman776 the Hill Orc Fighter began the quest for the
                  | Orb.
     0 | D:1      | Reached XP level 1. HP: 19/19 MP: 1/1
   206 | D:1      | Reached XP level 2. HP: 27/27 MP: 2/2
   418 | D:1      | Reached skill level 3 in Axes
   695 | D:2      | Reached XP level 3. HP: 33/33 MP: 3/3
   811 | D:2      | You fall into a shaft and drop 1 floor!
   895 | D:2      | Found a faded altar of an unknown god.
   970 | D:2      | Reached skill level 4 in Axes
  1106 | D:2      | Noticed Natasha
  1132 | D:2      | Killed Natasha
  1133 | D:2      | Reached XP level 4. HP: 29/40 MP: 4/4
  1364 | D:2      | Noticed Natasha
  1378 | D:2      | Killed Natasha
  1630 | D:2      | Noticed Natasha
  1646 | D:2      | Killed Natasha
  1647 | D:2      | Reached skill level 5 in Axes
  1647 | D:2      | Reached XP level 5. HP: 39/46 MP: 5/5
  1924 | D:3      | Noticed a centaur
  1937 | D:3      | Killed a centaur
  1938 | D:3      | Reached skill level 1 in Dodging
  2159 | D:3      | Reached XP level 6. HP: 53/53 MP: 6/6
  2555 | D:4      | Reached skill level 6 in Axes
  3226 | D:4      | Found a basalt altar of Yredelemnul.
  3228 | D:4      | Found a bloodstained altar of Trog.
  3267 | D:4      | Found an ornate altar of the Wu Jian Council.
  3271 | D:4      | Found a hide-covered altar of Uskayaw.
  3273 | D:4      | Found a shimmering altar of Xom.
  3286 | D:4      | Found a broken altar of Ashenzari.
  3288 | D:4      | Found a radiant altar of Vehumet.
  3289 | D:4      | Found a sacrificial altar of Ru.
  3293 | D:4      | Found a shimmering blue altar of Sif Muna.
  3304 | D:4      | Found a shadowy altar of Dithmenos.
  3305 | D:4      | Found a burning altar of Makhleb.
  3853 | D:5      | Entered Level 5 of the Dungeon
  3931 | D:5      | Reached skill level 5 in Fighting
  3931 | D:5      | Reached XP level 7. HP: 11/61 MP: 7/7
  4067 | D:5      | Reached skill level 7 in Axes
  4155 | D:5      | Reached skill level 5 in Armour
  5519 | D:6      | Reached skill level 8 in Axes
  5519 | D:6      | Reached XP level 8. HP: 59/68 MP: 8/8
  5595 | D:6      | Slain by an ice beast

Illustrated notes

Levels and vault maps discovered:
D:1:      nzn_arrival_water_spiral, layout_basic
D:2:      layout_basic, shapermc_ecumenical_altar_mp_ritualfount, uniq_natasha
D:3:      layout_basic
D:4:      kennysheep_big_flooded_room, layout_loops_ring,
          nicolae_overflow_hallway_of_the_gods, chequers_serial_rivers_small_a,
          kennysheep_small_spiral
D:5:      layout_layer_cave, kennysheep_path_1, grunt_decor_junction,
          kennysheep_another_room
D:6:      layout_rooms

Skill      XL: |  1  2  3  4  5  6  7  8 |
---------------+-------------------------+-----
Axes           | 3 4 5 6 8 |  8.6
Fighting       | 4 5 |  5.4
Armour         | 4 5 6 |  6.1
Dodging        | 1 |  1.9
Shields        | 4 |  4.0
Stealth        | |  0.5

Action                     |  1- 3 |  4- 6 |  7- 9 || total
---------------------------+-------+-------+-------++-------
  Melee: War axe           |   108 |   160 |    80 ||   348
 Armour: Scale mail        |    42 |    78 |    32 ||   152
  Dodge: Dodged            |    49 |    82 |    37 ||   168
  Block: Buckler           |    23 |    28 |    16 ||    67
